 Dungeon Crawl Stone Soup version 0.30-a0-354-g6b83867211 (webtiles) character file.

Game seed: 7940707932505123969

14695 Lanoc the Thaumaturge (level 12, -4/94 HPs)
             Began as a Gnoll Warper on Nov 7, 2022.
             Was a High Priest of Uskayaw.
             Slain by a cyan ugly thing (12 damage)
             ... on level 12 of the Dungeon.
             The game lasted 00:23:45 (13685 turns).

Lanoc the Thaumaturge (Gnoll Warper)               Turns: 13685, Time: 00:23:45

Health: -4/94      AC: 27    Str: 24    XL:     12   Next: 19%
Magic:  25/25      EV:  8    Int: 15    God:    Uskayaw [*****.]
Gold:   1053       SH: 10    Dex: 13    Spells: 24/29 levels left

rFire   . . .      SeeInvis .    N - +0 quick blade (vamp)
rCold   . . .      Faith    .    O - +0 kite shield
rNeg    . . .      Spirit   .    j - +9 plate armour "Newemapu" {Slay+3 Stlth+}
rPois   .          Reflect  .    (no helmet)
rElec   .          Harm     .    E - +2 cloak {Stlth+}
rCorr   .          Rampage  .    L - +0 pair of gloves
Will    .....                    (no boots)
Stlth   +.........               (no amulet)
HPRegen 0.35/turn                l - +6 ring of strength
MPRegen 0.19/turn                R - +6 ring of strength

@: mighty
A: fangs 1, strong nose, distributed training
a: Renounce Religion, Stomp, Line Pass, Grand Finale


You were on level 12 of the Dungeon.
You worshipped Uskayaw.
Uskayaw was aware of your devotion.
You visited 2 branches of the dungeon, and saw 13 of its levels.

You collected 1467 gold pieces.
You spent 414 gold pieces at shops.

Inventory:

Hand Weapons
 a - a +0 spear
 i - a +0 demon trident
 N - a +0 vampiric quick blade (weapon)
 P - the +5 dagger "Ubles" {vorpal, rCorr}
   (You found it on level 11 of the Dungeon)

   It inflicts extra damage upon your enemies.
   rCorr:     It protects you from acid and corrosion.
 Q - the +5 morningstar of Indomitability {vorpal, rC+ rN+ Dex+5}
   (You took it off an ogre mage on level 12 of the Dungeon)

   It inflicts extra damage upon your enemies.
   Dex:       It affects your dexterity (+5).
   rC:        It protects you from cold.
   rN:        It protects you from negative energy.
Missiles
 c - 2 curare-tipped darts
 d - a boomerang of dispersal (quivered)
 q - 6 boomerangs
 y - 2 throwing nets
Armour
 j - the +9 plate armour "Newemapu" (worn) {Slay+3 Stlth+}
   (You found it on level 2 of the Dungeon)

   Slay:      It affects your accuracy & damage with ranged weapons and melee
   (+3).
   Stlth:     It makes you more stealthy.
 E - a +2 cloak of stealth (worn)
 L - a +0 pair of gloves (worn)
 O - a +0 kite shield (worn)
Jewellery
 l - a +6 ring of strength (left hand)
 R - a +6 ring of strength (right hand)
Wands
 f - a wand of light (10)
 w - a wand of flame (8)
 x - a wand of mindburst (6)
 F - a wand of polymorph (8)
 H - a wand of roots (5)
 M - a wand of paralysis (1)
Scrolls
 g - 6 scrolls of amnesia
 k - 2 scrolls of acquirement {unknown}
 m - 2 scrolls of teleportation
 t - 2 scrolls of poison {unknown}
 u - 2 scrolls of butterflies {unknown}
 A - 2 scrolls of vulnerability {unknown}
 B - a scroll of summoning {unknown}
 C - 2 scrolls of fear {unknown}
 D - 2 scrolls of noise {unknown}
 G - a scroll of enchant armour {unknown}
 I - a scroll of brand weapon {unknown}
 J - a scroll of enchant weapon {unknown}
 T - a scroll of silence {unknown}
Potions
 b - 2 potions of flight
 e - 2 potions of magic
 h - a potion of berserk rage
 o - a potion of ambrosia
 p - 2 potions of mutation
 r - 3 potions of lignification
 s - a potion of might
 v - 9 potions of curing
 z - 2 potions of attraction
 K - a potion of cancellation {unknown}
 S - a potion of degeneration {unknown}
Miscellaneous
 n - a condenser vane (inert)


   Skills:
 + Level 8.7 Fighting
 + Level 7.3 Short Blades
 + Level 7.3 Long Blades
 + Level 7.3 Axes
 + Level 7.3 Maces & Flails
 + Level 8.7 Polearms
 + Level 7.3 Staves
 + Level 7.3 Ranged Weapons
 + Level 7.8 Throwing
 + Level 7.8 Armour
 + Level 8.7 Dodging
 + Level 7.3 Stealth
 + Level 7.3 Shields
 + Level 7.3 Unarmed Combat
 + Level 9.0 Spellcasting
 + Level 6.0 Conjurations
 + Level 6.0 Hexes
 + Level 6.0 Summonings
 + Level 6.0 Necromancy
 + Level 8.3 Translocations
 + Level 6.0 Transmutations
 + Level 6.0 Fire Magic
 + Level 6.0 Ice Magic
 + Level 6.0 Air Magic
 + Level 6.0 Earth Magic
 + Level 6.0 Poison Magic
 + Level 8.0 Invocations
 + Level 7.3 Evocations


You had 24 spell levels left.
You knew the following spells:

 Your Spells              Type           Power      Damage    Failure   Level
a - Blink                 Tloc           62%        N/A       19%         2
b - Vhi's Electric Charg  Tloc/Air       56%        N/A       50%         3

Your spell library contained the following spells:

 Spells                   Type           Power      Damage    Failure   Level
 Apportation              Tloc           62%        N/A       12%         1
 Necrotise                Necr           100%       1d9       28%         1
 Summon Small Mammal      Summ           100%       N/A       28%         1
 Gell's Gravitas          Tloc           31%        N/A       34%         3
 Lesser Beckoning         Tloc           62%        N/A       34%         3
 Teleport Other           Tloc           31%        N/A       34%         3
 Ensorcelled Hibernation  Hex/Ice        50%        N/A       41%         2
 Spider Form              Tmut/Pois      25%        N/A       65%         3
 Vampiric Draining        Necr           25%        2d7       65%         3
 Manifold Assault         Tloc           31%        N/A       75%         4
 Anguish                  Hex/Necr       12%        N/A       96%         4
 Agony                    Necr           25%        N/A       100%        5


Dungeon Overview and Level Annotations

Branches:
Dungeon (12/15)            Temple (1/1) D:7            Lair (0/5) D:11
    Orc (0/2) D:10

Altars:
Cheibriados
Fedhas
Gozag
Uskayaw

Shops:
D:4 (   D:8 [   D:9 :   D:11 (

Annotations:
D:8 2 transporters


Innate Abilities, Weirdness & Mutations

You have very sharp teeth.
Your uncanny sense of smell can sniff out nearby items.
Your experience applies equally to all skills.


Message History

Uskayaw will force your foes to share their pain.
You feel very mighty all of a sudden.
The cyan ugly thing gores you but does no damage.
The deep elf zephyrmancer mumbles some strange words.
The deep elf zephyrmancer blinks!
The deep elf pyromancer barely misses you.
The howler monkey hoots and howls with incredible vigour!
You hear a horrible gurgling sound!
You hear a shout!
You hear a bellow! x2
You hear a horrible gurgling sound! x3; You hear a shout!
You hear an angry buzzing noise. x3; You hear a howl!
You impale the howler monkey!!
You feel better.
You kill the howler monkey!
You block the deep elf pyromancer's attack.
The cyan ugly thing gores you!
* * * LOW HITPOINT WARNING * * *
The cyan ugly thing shocks you!
* * * LOW HITPOINT WARNING * * *
You hit the deep elf pyromancer.
You feel better.
You bite the deep elf pyromancer.
The deep elf pyromancer is moderately wounded.
You closely miss the deep elf pyromancer.
The deep elf pyromancer is moderately wounded.
The deep elf pyromancer gestures wildly while chanting.
You block the cyan ugly thing's attack.
The deep elf zephyrmancer gestures wildly while chanting.
The deep elf zephyrmancer blinks!
You closely miss the deep elf pyromancer.
The deep elf pyromancer is moderately wounded.
You hit the deep elf pyromancer.
The deep elf pyromancer is heavily wounded.
You block the fire elemental's attack.
You can now merge with and destroy a victim.
You puncture the deep elf pyromancer!
You feel better.
The deep elf pyromancer is severely wounded.
A deep elf knight comes into view. It is wielding a +0 short sword.
The deep elf pyromancer hits you but does no damage.
The cyan ugly thing gores you.
* * * LOW HITPOINT WARNING * * *
The cyan ugly thing shocks you!
You die...

∆#.....# ∆ ###)### ∆
#.##e.#∆ ###..#.#####.#
#'#.).#'.....+
#e#..######.# #WD##.#∆
.###'#####u#####'####
..........E@†.......
##......○eE......###
#..................
#........#e.....##
#........#......#
##########.###############
#................
#.############### #.. #


You could see a four-headed hydra, a cyan ugly thing, a deep elf knight, a deep
elf pyromancer, a deep elf zephyrmancer, 2 fire elementals and a wraith.

Vanquished Creatures
  An ogre mage (D:12)
  Erica (D:9)
  4 two-headed ogres
  A manticore (D:12)
  Joseph (D:7)
  Maggie (D:7)
  Psyche (D:8)
  An unseen horror (D:12)
  A kobold demonologist (D:6)
  4 komodo dragons
  A troll (D:11)
  A meliai (D:12)
  A slime creature (D:12)
  A vampire (D:11)
  A basilisk (D:10)
  A wraith (D:12)
  3 wyverns
  4 shadows
  8 yaks
  A steam dragon (D:6)
  5 vampire mosquitoes
  Edmund (D:4)
  A water moccasin (D:8)
  2 acid dragons
  2 ice beasts
  A black bear (D:5)
  6 orc warriors
  2 ogres
  6 centaurs
  2 kobold brigands
  3 bullfrogs
  A scorpion (D:4)
  2 gnoll sergeants
  10 wights
  4 killer bees (D:9)
  A howler monkey (D:12)
  2 hounds
  3 jellies
  A gnoll bouda (D:6)
  7 orc priests
  6 iguanas
  Crazy Yiuf (D:6)
  Ijyb (D:4)
  Natasha (thrice) (D:4)
  12 orc wizards
  13 gnolls
  9 adders
  A shadow imp (D:7)
  2 white imps
  9 worms
  2 dart slugs
  44 orcs
  7 ball pythons
  5 endoplasms
  4 giant cockroaches
  9 goblins
  8 hobgoblins
  6 quokkas
  5 bats
  7 frilled lizards
  15 kobolds
  7 rats
276 creatures vanquished.

Vanquished Creatures (others)
  A slime creature (D:8)
  An orc wizard (D:9)
  11 plants
13 creatures vanquished.

Grand Total: 289 creatures vanquished

Notes
Turn   | Place    | Note
-------+----------+-------------------------------------------
     0 | D:1      | Lanoc the Gnoll Warper began the quest for the Orb.
     0 | D:1      | Reached XP level 1. HP: 20/20 MP: 6/6
    60 | D:1      | Reached XP level 2. HP: 10/26 MP: 7/7
   565 | D:1      | Reached skill level 5 in Spellcasting
   565 | D:1      | Reached XP level 3. HP: 28/31 MP: 7/9
   568 | D:1      | Learned a level 2 spell: Blink
   572 | D:1      | Learned a level 3 spell: Vhi's Electric Charge
   887 | D:2      | Found a faded altar of an unknown god.
   894 | D:2      | Reached skill level 1 in Invocations
   911 | D:2      | Prayed at the altar of an unknown god.
   911 | D:2      | Became a worshipper of Uskayaw the Reveller
   911 | D:2      | Reached * piety under Uskayaw
   952 | D:2      | Reached skill level 1 in Short Blades
   952 | D:2      | Reached skill level 1 in Long Blades
   952 | D:2      | Reached skill level 1 in Axes
   952 | D:2      | Reached skill level 1 in Maces & Flails
   952 | D:2      | Reached skill level 1 in Staves
   952 | D:2      | Reached skill level 1 in Ranged Weapons
   952 | D:2      | Reached skill level 1 in Stealth
   952 | D:2      | Reached skill level 1 in Shields
   952 | D:2      | Reached skill level 1 in Unarmed Combat
   952 | D:2      | Reached skill level 1 in Evocations
   981 | D:2      | Reached ** piety under Uskayaw
   984 | D:2      | Reached XP level 4. HP: 25/38 MP: 11/11
  1088 | D:2      | Found an opulent altar of Gozag.
  1106 | D:2      | Identified the +9 plate armour "Newemapu" {Slay+3 Stlth+}
  1262 | D:2      | You fall into a shaft and drop 2 floors!
  1302 | D:4      | Reached skill level 1 in Conjurations
  1302 | D:4      | Reached skill level 1 in Hexes
  1302 | D:4      | Reached skill level 1 in Summonings
  1302 | D:4      | Reached skill level 1 in Necromancy
  1302 | D:4      | Reached skill level 1 in Transmutations
  1302 | D:4      | Reached skill level 1 in Fire Magic
  1302 | D:4      | Reached skill level 1 in Ice Magic
  1302 | D:4      | Reached skill level 1 in Air Magic
  1302 | D:4      | Reached skill level 1 in Earth Magic
  1302 | D:4      | Reached skill level 1 in Poison Magic
  1316 | D:4      | Found a snail-covered altar of Cheibriados.
  1381 | D:4      | Noticed a scorpion
  1386 | D:4      | Killed a scorpion
  1387 | D:4      | Reached XP level 5. HP: 40/43 MP: 12/12
  1434 | D:4      | Noticed Natasha
  1443 | D:4      | Killed Natasha
  2116 | D:3      | Reached *** piety under Uskayaw
  2119 | D:3      | Reached **** piety under Uskayaw
  2260 | D:3      | Reached XP level 6. HP: 50/50 MP: 13/13
  2661 | D:4      | Noticed Natasha
  2668 | D:4      | Killed Natasha
  2669 | D:4      | Reached skill level 5 in Fighting
  2669 | D:4      | Reached skill level 5 in Polearms
  2669 | D:4      | Reached skill level 5 in Dodging
  2703 | D:4      | Noticed Edmund
  2713 | D:4      | Killed Edmund
  2780 | D:4      | Noticed Natasha
  2784 | D:4      | Killed Natasha
  2895 | D:4      | Noticed Ijyb
  2898 | D:4      | Found Fidovol's Weapon Boutique.
  2911 | D:4      | Killed Ijyb
  3053 | D:4      | Reached XP level 7. HP: 53/56 MP: 15/15
  3386 | D:5      | Entered Level 5 of the Dungeon
  4118 | D:5      | Noticed a steam dragon
  4409 | D:6      | Reached XP level 8. HP: 43/63 MP: 16/16
  4647 | D:6      | Noticed a kobold demonologist
  4652 | D:6      | Noticed a soul eater
  4656 | D:6      | Killed a kobold demonologist
  4657 | D:6      | Reached skill level 6 in Spellcasting
  5000 | D:6      | Found a runed translucent door.
  5001 | D:6      | Noticed Crazy Yiuf
  5276 | D:6      | Reached ***** piety under Uskayaw
  5453 | D:6      | Reached XP level 9. HP: 69/69 MP: 18/18
  5773 | D:6      | Reached skill level 5 in Throwing
  5773 | D:6      | Reached skill level 5 in Armour
  5882 | D:6      | Killed Crazy Yiuf
  6298 | D:7      | Found a staircase to the Ecumenical Temple.
  6306 | Temple   | Entered the Ecumenical Temple
  6633 | D:7      | Noticed Maggie
  6648 | D:7      | Killed Maggie
  6649 | D:7      | Reached skill level 5 in Invocations
  6976 | D:7      | Reached skill level 7 in Spellcasting
  7178 | D:8      | Found Jinov's Armour Emporium.
  7247 | D:8      | Noticed Psyche
  7262 | D:8      | Killed Psyche
  7263 | D:8      | Reached skill level 5 in Short Blades
  7263 | D:8      | Reached skill level 5 in Long Blades
  7263 | D:8      | Reached skill level 5 in Axes
  7263 | D:8      | Reached skill level 5 in Maces & Flails
  7263 | D:8      | Reached skill level 5 in Staves
  7263 | D:8      | Reached skill level 5 in Ranged Weapons
  7263 | D:8      | Reached skill level 5 in Stealth
  7263 | D:8      | Reached skill level 5 in Shields
  7263 | D:8      | Reached skill level 5 in Unarmed Combat
  7263 | D:8      | Reached skill level 5 in Evocations
  7263 | D:8      | Reached XP level 10. HP: 77/77 MP: 20/20
  7287 | D:8      | Found a transporter.
  7300 | D:8      | Noticed a manticore
  7304 | D:8      | Noticed a centaur warrior
  7304 | D:8      | Noticed a boulder beetle
  7308 | D:8      | Found a transporter.
  7432 | D:7      | Noticed Joseph
  7909 | D:7      | Killed Joseph
  8493 | D:9      | Noticed a two-headed ogre
  8493 | D:9      | Found Puhuk's Self-Improvement Boutique.
  8507 | D:9      | Killed a two-headed ogre
  9108 | D:9      | Noticed Erica
  9220 | D:9      | Killed Erica
 10006 | D:10     | Entered Level 10 of the Dungeon
 10102 | D:10     | Found a staircase to the Orcish Mines.
 10151 | D:10     | Reached skill level 5 in Conjurations
 10151 | D:10     | Reached skill level 5 in Hexes
 10151 | D:10     | Reached skill level 5 in Summonings
 10151 | D:10     | Reached skill level 5 in Necromancy
 10151 | D:10     | Reached skill level 5 in Transmutations
 10151 | D:10     | Reached skill level 5 in Fire Magic
 10151 | D:10     | Reached skill level 5 in Ice Magic
 10151 | D:10     | Reached skill level 5 in Air Magic
 10151 | D:10     | Reached skill level 5 in Earth Magic
 10151 | D:10     | Reached skill level 5 in Poison Magic
 10180 | D:10     | Reached XP level 11. HP: 77/85 MP: 22/22
 10242 | D:10     | Reached skill level 8 in Spellcasting
 11319 | D:11     | Found Erutz's Antique Weapon Boutique.
 11362 | D:11     | Paralysed by something for 2 turns
 11397 | D:11     | Found a hide-covered altar of Uskayaw.
 11701 | D:11     | Identified the +5 dagger "Ubles" {vorpal, rCorr}
 11824 | D:11     | Found a staircase to the Lair.
 12280 | D:11     | Bought a glowing quick blade for 414 gold pieces
 12332 | D:12     | Noticed a two-headed ogre
 12356 | D:12     | Killed a two-headed ogre
 12514 | D:12     | Noticed a two-headed ogre
 12531 | D:12     | Killed a two-headed ogre
 12600 | D:12     | Noticed a cyan very ugly thing
 12600 | D:12     | Noticed an ogre mage
 12605 | D:12     | Noticed a manticore
 12607 | D:12     | Noticed a two-headed ogre
 12834 | D:12     | Killed a manticore
 12835 | D:12     | Reached XP level 12. HP: 55/94 MP: 24/24
 13025 | D:12     | Identified the +5 morningstar of Indomitability {vorpal,
                  | rC+ rN+ Dex+5}
 13216 | D:12     | Paralysed by something for 5 turns
 13230 | D:12     | HP: 3/141 [something/bolt of magma (23)]
 13231 | D:12     | Killed an ogre mage
 13646 | D:12     | Noticed a four-headed hydra
 13657 | D:12     | Killed a two-headed ogre
 13658 | D:12     | Reached skill level 9 in Spellcasting
 13685 | D:12     | Noticed a deep elf knight
 13685 | D:12     | Slain by a cyan ugly thing

Illustrated notes

Levels and vault maps discovered:
D:1:      dpeg_arrival_tiny_a, layout_loops_ring, serial_glass, glass_columns_a,
          glass_columns_a, glass_columns_a, glass_columns_a, glass_columns_c,
          glass_columns_b, glass_columns_c, glass_columns_b
D:2:      minmay_evil_eye, layout_rooms, nicolae_ecumenical_pavilion,
          basic_altar
D:3:      wander_river, layout_basic, nicolae_wormholes
D:4:      layout_basic, lemuel_round_altar, serial_shops,
          nicolae_shop_advertising_works [nicolae_subvault_shop_adworks],
          chequers_jeans, uniq_ijyb, uniq_natasha, uniq_edmund
D:5:      layout_basic, serial_glass, glass_columns_a, glass_columns_a,
          due_unseen_surprise, abandoned_shop, minmay_misc_feat_enclosed
D:6:      layout_basic, uniq_crazy_yiuf_cottage
D:7:      layout_basic, minmay_temple_entry_tees, grunt_ogre_cave, uniq_maggie,
          uniq_joseph
D:8:      gammafunk_sealed_arena, layout_rooms, serial_shops,
          nicolae_shop_crystal, uniq_psyche
D:9:      layout_roguey, nicolae_shop_self_help, uniq_erica
D:10:     layout_loops_ring, hiddenorc2_lemuel, minmay_lizard_king
D:11:     layout_cross, david_lair_shrubbed, serial_shops, shop,
          eat_drink_and_be_merry_uskayaw
D:12:     minmay_the_grid_square_5x5_5x5
          [minmay_the_grid_square_5x5_hollow_slash,
          minmay_the_grid_square_5x5_c, minmay_the_grid_square_5x5_pentomino_r,
          minmay_the_grid_square_5x5_detours,
          minmay_the_grid_square_5x5_inner_z,
          minmay_the_grid_square_5x5_checkered_sparse,
          minmay_the_grid_square_5x5_prize_open,
          minmay_the_grid_square_5x5_fat_x,
          minmay_the_grid_square_5x5_prize_pseudospiral,
          minmay_the_grid_square_5x5_corner, minmay_the_grid_square_5x5_shrine1,
          minmay_the_grid_square_5x5_almost_minimal,
          minmay_the_grid_square_5x5_prize_gold,
          minmay_the_grid_square_5x5_inverted_slash,
          minmay_the_grid_square_5x5_spiral_small,
          minmay_the_grid_square_5x5_two,
          minmay_the_grid_square_5x5_prize_rear_guard,
          minmay_the_grid_square_5x5_bracketed,
          minmay_the_grid_square_5x5_prize_itemx,
          minmay_the_grid_square_5x5_two_walls_b,
          minmay_the_grid_square_5x5_six_small,
          minmay_the_grid_square_5x5_gyroscope,
          minmay_the_grid_square_5x5_three, minmay_the_grid_square_5x5_longway,
          minmay_the_grid_square_5x5_sharp_hourglass], layout_rooms
Temple:   nicolae_temple_bog_church

Skill      XL: |  1  2  3  4  5  6  7  8  9 10 11 12 |
---------------+-------------------------------------+-----
Spellcasting   | 5 6 7 8 9 |  9.0
Invocations    | 1 2 3 4 5 6 7 8 |  8.0
Short Blades   | 1 2 3 5 6 7 |  7.3
Long Blades    | 1 2 3 5 6 7 |  7.3
Axes           | 1 2 3 5 6 7 |  7.3
Maces & Flails | 1 2 3 5 6 7 |  7.3
Staves         | 1 2 3 5 6 7 |  7.3
Ranged Weapons | 1 2 3 5 6 7 |  7.3
Stealth        | 1 2 3 5 6 7 |  7.3
Shields        | 1 2 3 5 6 7 |  7.3
Unarmed Combat | 1 2 3 5 6 7 |  7.3
Evocations     | 1 2 3 5 6 7 |  7.3
Conjurations   | 1 2 3 4 5 6 |  6.0
Hexes          | 1 2 3 4 5 6 |  6.0
Summonings     | 1 2 3 4 5 6 |  6.0
Necromancy     | 1 2 3 4 5 6 |  6.0
Transmutations | 1 2 3 4 5 6 |  6.0
Fire Magic     | 1 2 3 4 5 6 |  6.0
Ice Magic      | 1 2 3 4 5 6 |  6.0
Air Magic      | 1 2 3 4 5 6 |  6.0
Earth Magic    | 1 2 3 4 5 6 |  6.0
Poison Magic   | 1 2 3 4 5 6 |  6.0
Throwing       | 3 4 5 6 7 |  7.8
Armour         | 3 4 5 6 7 |  7.8
Fighting       | 5 6 7 8 |  8.7
Polearms       | 5 6 7 8 |  8.7
Dodging        | 5 6 7 8 |  8.7
Translocations | 6 7 8 |  8.3

Action                   |  1- 3 |  4- 6 |  7- 9 | 10-12 || total
-------------------------+-------+-------+-------+-------++-------
Melee: Spear             |   102 |       |       |       ||   102
       Bite              |     7 |    17 |    19 |   108 ||   151
       Demon trident     |    11 |   175 |   278 |   436 ||   900
       Punch             |       |     3 |     8 |    39 ||    50
       Quick blade       |       |       |       |   292 ||   292
       Morningstar       |       |       |       |     5 ||     5
Throw: Boomerang         |       |       |       |     6 ||     6
 Cast: Blink             |     1 |       |       |       ||     1
       Vhi's Electric Ch |     1 |       |       |       ||     1
Evoke: Wand              |       |       |       |     2 ||     2
       Condenser vane    |       |       |       |     1 ||     1
  Use: Scroll            |       |       |       |    15 ||    15
       Potion            |       |       |       |    12 ||    12
 Stab: Sleeping          |     1 |     1 |       |       ||     2
       Paralysed         |       |     2 |    15 |    32 ||    49
Armor: Leather armour    |    32 |     1 |       |       ||    33
       Plate armour      |       |    87 |   210 |   418 ||   715
       Skin              |       |       |       |    17 ||    17
Dodge: Dodged            |    76 |    11 |    52 |   160 ||   299
Block: Kite shield       |       |       |       |    39 ||    39

Table legend: (Time is in decaauts)
 A = Elapsed time spent in this place.
 B = Non-inter-level travel time spent in this place.
 C = Inter-level travel time spent in this place.
 D = Time resting spent in this place.
 E = Time spent auto-exploring this place.
 F = Levels seen in this place.
 G = Mean time per level.
                   A        B        C        D        E       F      G
               +--------+--------+--------+--------+--------+-----+--------+
         Total |  13526 |  12999 |    527 |   1966 |   8906 |  13 | 1040.5 |
       Dungeon |  13406 |  12879 |    527 |   1850 |   8906 |  12 | 1117.2 |
        Temple |    120 |    120 |      0 |    116 |      0 |   1 |  120.0 |
               +--------+--------+--------+--------+--------+-----+--------+

Top non-repeatable levels by time:
     D:6: 1736 daAuts
    D:10: 1523 daAuts
     D:8: 1450 daAuts
    D:11: 1271 daAuts
     D:4: 1193 daAuts
     D:7: 1189 daAuts
     D:9: 1123 daAuts
     D:5: 960 daAuts
     D:1: 875 daAuts
     D:3: 710 daAuts
    D:12: 707 daAuts
     D:2: 664 daAuts
  Temple: 120 daAuts
